 Dungeon Crawl Stone Soup version 0.17-a0-1778-gd369669 (webtiles) character file.

137 KambridgeKobold the Covered (level 5, 0/67 HPs)
             Began as a Minotaur Fighter on Sept 8, 2015.
             Was an Initiate of Dithmenos.
             Slain by KambridgeKobold's ghost (4 damage)
             ... on level 3 of the Dungeon.
             The game lasted 00:06:35 (2174 turns).

KambridgeKobold the Covered (Minotaur Fighter)      Turns: 2174, Time: 00:06:36

Health: 0/67       AC: 22    Str: 21    XL:     5   Next: 0%
Magic:  4/4        EV:  2    Int:  6    God:    Dithmenos [......]
Gold:   156        SH:  0    Dex:  9    Spells: 0 memorised, 4 levels left

rFire  . . .     SeeInvis .     j - +0 whip
rCold  . . .     Clarity  .     (armour currently unavailable)
rNeg   + + +     SustAt   .     (no shield)
rPois  +         Gourm    .     (helmet currently unavailable)
rElec  .         Spirit   .     (cloak currently unavailable)
rCorr  .         Warding  .     (gloves currently unavailable)
rMut   .         NoTele   +     (boots currently unavailable)
MR     .....                    (no amulet)
Stlth  +.........               y - ring of teleportation (curse)
                                v - ring of flight

@: tree-form, not resistant to hostile enchantments, very unstealthy
A: (retaliatory headbutt), (horns 0)
a: Renounce Religion, Evoke Teleportation


You were on level 3 of the Dungeon.
You worshipped Dithmenos.
Dithmenos was noncommittal.
You were not hungry.
You were a tree.
You visited 1 branch of the dungeon, and saw 3 of its levels.

You collected 156 gold pieces.

Inventory:

Hand weapons
 a - a +0 flail
 j - a +0 whip (weapon)
 q - a +1 short sword of speed
Armour
 b - a +0 scale mail (melded)
 c - a +0 shield
Jewellery
 v - a ring of flight (left branch)
 y - a cursed ring of teleportation (right branch)
Scrolls
 f - 2 scrolls of identify {unknown}
 h - a scroll of enchant weapon {unknown}
 i - a scroll of magic mapping {unknown}
 l - 4 scrolls of teleportation {unknown}
 r - a scroll of enchant armour {unknown}
 t - a scroll of fear {unknown}
 u - 2 scrolls of remove curse {unknown}
 A - a scroll of recharging {unknown}
 E - a scroll of noise {unknown}
Potions
 d - a potion of might
 m - a potion of flight {unknown}
 n - a potion of resistance {unknown}
 o - a potion of cancellation {unknown}
 p - 2 potions of lignification
 w - 2 potions of heal wounds {unknown}
 x - 2 potions of haste {unknown}
 B - a potion of beneficial mutation {unknown}
 C - 2 potions of curing
 D - a potion of brilliance {unknown}
Comestibles
 e - a bread ration
 g - a meat ration
 k - 3 beef jerkies
 s - 9 fruits
 z - 6 chunks of flesh


   Skills:
 - Level 3.6 Fighting
 + Level 5.0 Maces & Flails
 - Level 5.2 Armour
 - Level 3.6 Shields


You had 4 spell levels left.
You didn't know any spells.

Dungeon Overview and Level Annotations

Branches:
Dungeon (3/15)

Altars:
Dithmenos
Elyvilon
Gozag
Nemelex Xobeh

Annotations:
D:3 KambridgeKobold's ghost, weakling MiFi


Innate Abilities, Weirdness & Mutations

((You reflexively headbutt those who attack you in melee.))
((You have a pair of horns on your head.))


Message History

KambridgeKobold's ghost hits you.
* * * LOW HITPOINT WARNING * * *
You barely miss KambridgeKobold's ghost.
KambridgeKobold's ghost is severely damaged.
KambridgeKobold's ghost hits you but does no damage.
Drink which item? (? for menu, Esc to quit)
It was a potion of curing.
You feel better.
KambridgeKobold's ghost promises, "I will read your future in your entrails."
KambridgeKobold's ghost hits you but does no damage.
You hit KambridgeKobold's ghost but do no damage.
KambridgeKobold's ghost is severely damaged.
KambridgeKobold's ghost hits you!
* * * LOW HITPOINT WARNING * * *
You hit KambridgeKobold's ghost.
KambridgeKobold's ghost is almost destroyed.
KambridgeKobold's ghost hits you but does no damage.
You hit KambridgeKobold's ghost but do no damage.
KambridgeKobold's ghost is almost destroyed.
KambridgeKobold's ghost hits you.
You die...

#.....##....
######.W...####.#
#....#...........
####....#...........
#.......#..........#
#....####..........#
##....####..........#
#...................#
#.⌠.♣W####...........
#.._..# ############
#####.⌠.⌠.# .......
#.........# ######.
##.######## +. # #.
#. #. #.


You could see KambridgeKobold's ghost.

Vanquished Creatures
  A crimson imp (D:3)
  5 adders (D:2)
  3 giant geckos
  8 bats
  2 giant cockroaches (D:1)
  6 hobgoblins
  10 jackals
  8 kobolds
  2 quokkas
  5 giant newts
  6 goblins
  5 rats
61 creatures vanquished.

Notes
Turn   | Place    | Note
--------------------------------------------------------------
     0 | D:1      | KambridgeKobold the Minotaur Fighter began the quest for the Orb.
     0 | D:1      | Reached XP level 1. HP: 19/19 MP: 0/0
   135 | D:1      | Reached skill level 4 in Armour
   135 | D:1      | Reached XP level 2. HP: 26/26 MP: 1/1
   931 | D:1      | Reached XP level 3. HP: 31/31 MP: 2/2
  1108 | D:2      | Reached skill level 5 in Armour
  1280 | D:2      | Reached XP level 4. HP: 39/39 MP: 3/3
  1870 | D:3      | Found a shadowy altar of Dithmenos.
  1912 | D:3      | Became a worshipper of Dithmenos the Shadowed
  1998 | D:3      | Found a white marble altar of Elyvilon.
  2052 | D:3      | Found an opulent altar of Gozag.
  2125 | D:3      | Found a sparkling altar of Nemelex Xobeh.
  2134 | D:3      | Reached skill level 5 in Maces & Flails
  2134 | D:3      | Reached XP level 5. HP: 45/45 MP: 4/4
  2145 | D:3      | Noticed KambridgeKobold's ghost (weakling MiFi)
  2169 | D:3      | HP: 1/67 [KambridgeKobold's ghost (5)]
  2174 | D:3      | Slain by KambridgeKobold's ghost

Vault maps used:
D:1:      tarquinn_simple_flora_water_e
D:2:      minmay_hedge_maze
D:3:      nicolae_gozag_seed_capital, old_standard_altar, elyvilon_altar_4,
          nemelex_xobeh_ov_fountains_minmay

Action                   |  1- 3 |  4- 6 || total
-------------------------+-------+-------++-------
Melee: Flail             |    10 |     2 ||    12
       Whip              |    52 |    53 ||   105
       Short sword       |    67 |    15 ||    82
  Use: Potion            |       |     2 ||     2
  Eat: Chunk             |     1 |     3 ||     4
